AoeStats
← [La14]Uvita

Scandinavia

510833536Analyzed
1v1 RM · 14h ago on Oct 2, 2026· 58m 18s· 2 players
Game mode
Random Map
Map size
Tiny (2 player)
Population
200
Speed
Normal
Resources
Standard
Victory
Conquest
Starting age
Dark Age
Ending age
Imperial Age
RankedLock teamsTeams togetherTeam positionsShared explorationLock speedFull tech treeHidden civsTurbo modeCheats
Victory
Defeat
🇳🇱 Huns · Netherlands
895
+18
🇦🇷 Aztecs · Argentina
934
-18
christiaan.pleijsier
13:11 Feudal Age
13:34 Horse Collar
13:43 Double-Bit Axe
17:31 Castle Age
18:55 Bow Saw
21:24 Ballistics
21:40 Thumb Ring
24:29 Fletching
26:00 Elite Skirmisher
26:46 Thumb Ring
28:28 Husbandry
28:39 Bloodlines
29:09 Light Cavalry
30:53 Bodkin Arrow
32:13 Padded Archer Armor
32:24 Forging
32:27 Fishing Lines
34:00 Heavy Plow
34:52 Leather Archer Armor
39:58 Imperial Age
39:22 Iron Casting
38:52 Scale Barding Armor
39:27 Murder Holes
40:21 Heavy Cavalry Archer
41:37 Hussar
48:41 Parthian Tactics
49:20 Blast Furnace
48:20 Bracer
53:06 Chemistry
53:08 Chain Barding Armor
53:21 Conscription
59:05 Plate Barding Armor
58:34 Gillnets
[La14]Uvita
6:23 Loom
10:39 Feudal Age
15:43 Castle Age
19:45 Forging
21:16 Scale Mail Armor
22:49 Squires
22:49 Eagle Warrior
23:32 Horse Collar
25:27 Chain Mail Armor
26:44 Town Watch
27:19 Gold Mining
28:43 Fletching
28:50 Elite Skirmisher
30:51 Bodkin Arrow
32:58 Iron Casting
33:30 Padded Archer Armor
34:32 Wheelbarrow
36:24 Leather Archer Armor
36:20 Stone Mining
38:04 Ballistics
38:52 Double-Bit Axe
50:38 Imperial Age
48:52 Murder Holes
50:51 Elite Eagle Warrior
52:07 Plate Mail Armor
51:41 Bracer
54:58 Conscription
Connection lost

Rejoining the realm…

Still unreachable

The connection could not be restored.

Session expired

The server has moved on; the page needs a fresh start.